 Dungeon Crawl Stone Soup version 0.29-a0-495-g17b79114eb (webtiles) character file.

Game seed: 17192126105349190201

77 hquester the Skirmisher (level 4, -3/44 (45) HPs)
             Began as a Troll Fighter on May 28, 2022.
             Slain by an orc
             ... wielding a +2 flail of draining
              (6 damage)
             ... on level 2 of the Dungeon.
             The game lasted 00:03:42 (1262 turns).

hquester the Skirmisher (Troll Fighter)             Turns: 1262, Time: 00:03:42

HP:   -3/44 (45)    AC:  4    Str: 24    XL:     4   Next: 13%
MP:   3/3           EV:  9    Int:  4    God:
Gold: 117           SH:  7    Dex: 11    Spells: 3/3 levels left

rFire   . . .      SeeInvis .     - Unarmed
rCold   . . .      Faith    .   b - +0 kite shield
rNeg    . . .      Spirit   .   a - +0 robe
rPois   .          Reflect  .   (helmet restricted)
rElec   .          Harm     .   (no cloak)
rCorr   .          Rampage  .   (gloves unavailable)
Will    .....                   (boots unavailable)
Stlth   +.........              (no amulet)
HPRegen 0.94/turn               (no ring)
MPRegen 0.08/turn               (no ring)

@: lightly drained
A: large, unfitting armour, claws 3, regeneration 1, shaggy fur 1, tough skin 1
a: no special abilities


You were on level 2 of the Dungeon.
You visited 1 branch of the dungeon, and saw 2 of its levels.

You collected 117 gold pieces.

Inventory:

Hand Weapons
 p - a +0 mace
Armour
 a - a +0 robe (worn)
 b - a +0 kite shield (worn)
Jewellery
 l - a ring of wizardry
Scrolls
 d - a scroll of immolation {unknown}
 e - 2 scrolls of brand weapon {unknown}
 f - 2 scrolls of magic mapping {unknown}
 i - a scroll of identify {unknown}
 j - a scroll of fear {unknown}
 o - a scroll of poison {unknown}
Potions
 c - a potion of might
 g - a potion of flight {unknown}
 h - a potion of ambrosia {unknown}
 k - a potion of curing {unknown}
 m - 2 potions of haste {unknown}
 n - a potion of resistance {unknown}


   Skills:
 * Level 3.2 Fighting
 + Level 2.8 Dodging
 + Level 3.1 Shields
 + Level 2.6 Unarmed Combat


You had 3 spell levels left.
You didn't know any spells.
Your spell library contained the following spells:

 Spells                   Type           Power      Damage    Failure   Level
 Ozocubu's Armour         Ice            0%         N/A       99%         3
 Ozocubu's Refrigeration  Ice            0%         4d5       100%        7


Dungeon Overview and Level Annotations

Branches:
Dungeon (2/15)

Altars:


Innate Abilities, Weirdness & Mutations

You are too large for most types of armour.
You have claws for hands.
Your natural rate of healing is unusually fast.
You are covered in fur. (AC +1)
You have tough skin. (AC +1)


Message History

There is an open door here.
The orc priest mumbles some strange prayers to Beogh against you.
Pain shoots through your body! The orc hits you with a +0 hand axe.
An orc comes into view. It is wielding a +2 flail of draining.
The orc shouts!
You claw the orc!
You kill the orc!
You closely miss something. Something hits you.
You completely miss something. Something hits you but does no damage.
You closely miss something. Something hits you.
The orc priest invokes the aid of Beogh against you.
Beogh smites you! Something hits you but does no damage.
You closely miss something. Something hits you.
The orc priest casts a cantrip, but nothing happens.
You scratch something. Something hits you but does no damage.
You barely miss something.
A jackal comes into view.
Something hits you.
The orc priest invokes the aid of Beogh against you.
Beogh smites you!
* * * LOW HITPOINT WARNING * * *
The jackal barks!
You claw something! You block something's attack.
You claw something!
Reactivating autopickup.
You feel a bit more experienced.
You have reached level 4!
You completely miss the orc. You block the orc's attack.
You claw the orc!
You kill the orc!
The orc throws a boomerang.
The boomerang barely misses you.
You closely miss the orc.
The orc hits you with a +2 flail of draining.
* * * LOW HITPOINT WARNING * * *
You feel drained.
* * * LOW HITPOINT WARNING * * *
You barely miss the orc.
The orc hits you with a +2 flail of draining.
You die...

#.###.###.######.## #.
#.........# #.# #.
#####.##### #.# #. #†#
#+## #. #.# #...## #.
#.## ##.....######.
#..## ##.............
##...####o....#########
#.....@ooh........ #
##...####......8..
#..## ##........ #.##
##o...... ⌠ #.# #......
.$ ..# ...8.. 8o.# .##
#..... ..# #. .#### ##
..


You could see an orc priest, 2 orcs and a jackal.

Vanquished Creatures
  An orc wizard (D:2)
  A worm (D:2)
  A dart slug (D:1)
  2 orcs (D:2)
  7 ball pythons
  3 endoplasms (D:1)
  3 giant cockroaches
  5 goblins
  2 hobgoblins
  4 jackals (D:2)
  A quokka (D:1)
  5 bats (D:1)
  2 frilled lizards
  A kobold (D:1)
  4 rats
42 creatures vanquished.

Notes
Turn   | Place    | Note
-------+----------+-------------------------------------------
     0 | D:1      | hquester the Troll Fighter began the quest for the Orb.
     0 | D:1      | Reached XP level 1. HP: 22/22 MP: 0/0
   184 | D:1      | Reached XP level 2. HP: 29/29 MP: 1/1
   396 | D:1      | Found a faded altar of an unknown god.
   703 | D:1      | Reached XP level 3. HP: 36/36 MP: 2/2
  1256 | D:2      | HP: 1/37 [orc priest/divine providence (14)]
  1259 | D:2      | Reached XP level 4. HP: 4/45 MP: 3/3
  1261 | D:2      | HP: 2/44 [orc/+2 flail of draining (1)]
  1262 | D:2      | Slain by an orc

Illustrated notes

Levels and vault maps discovered:
D:1:      saegor_arrival_simple_b, layout_loops_corners,
          hellmonk_ecumenical_altar_slurped_away
D:2:      cheibrodos_pilgrimage, layout_loops_corners

Skill      XL: |  1  2  3 |
---------------+----------+-----
Shields        | 3 |  3.1
Fighting       | 3 |  3.2
Dodging        | |  2.8
Unarmed Combat | |  2.6

Action                   |  1- 3 |  4- 6 || total
-------------------------+-------+-------++-------
Melee: Unarmed           |    98 |     4 ||   102
 Stab: Sleeping          |     2 |       ||     2
Armor: Robe              |    27 |       ||    27
Dodge: Dodged            |    25 |     1 ||    26
Block: Kite shield       |    32 |     1 ||    33

Table legend: (Time is in decaauts)
 A = Elapsed time spent in this place.
 B = Non-inter-level travel time spent in this place.
 C = Inter-level travel time spent in this place.
 D = Time resting spent in this place.
 E = Time spent auto-exploring this place.
 F = Levels seen in this place.
 G = Mean time per level.
                   A        B        C        D        E       F      G
               +--------+--------+--------+--------+--------+-----+--------+
         Total |   1271 |   1242 |     29 |      0 |    883 |   2 |  635.5 |
       Dungeon |   1271 |   1242 |     29 |      0 |    883 |   2 |  635.5 |
               +--------+--------+--------+--------+--------+-----+--------+

Top non-repeatable levels by time:
     D:1: 839 daAuts
     D:2: 432 daAuts
